 Dungeon Crawl Stone Soup version 0.31.0-11-ge490571c62 (webtiles) character file.

Game seed: 16284643921078084835

103 qw the Shooter (level 4, -3/25 HPs)
             Began as a Deep Elf Hunter on Feb 4, 2024.
             Killed by divine providence
             ... invoked by an orc priest
              (9 damage)
             ... on level 3 of the Dungeon.
             The game lasted 00:00:06 (1647 turns).

qw the Shooter (Deep Elf Hunter)                    Turns: 1647, Time: 00:00:06

Health: -3/25      AC:  3    Str: 10    XL:     4   Next: 51%
Magic:  6/6        EV: 12    Int: 14    God:
Gold:   134        SH:  0    Dex: 18    Spells: 3/3 levels left

rFire   . . .        a - +0 shortbow
rCold   . . .        (shield currently unavailable)
rNeg    . . .        c - +0 leather armour
rPois   +            (no helmet)
rElec   .            (no cloak)
rCorr   .            (no gloves)
SInv    .            (no boots)
Will    .....        (no amulet)
Stlth   +            d - ring of poison resistance
HPRegen 0.24/turn    (no ring)
MPRegen 0.10/turn

%: no passive effects
@: confused
A: no striking features
a: no special abilities


You were on level 3 of the Dungeon.
You visited 1 branch of the dungeon, and saw 3 of its levels.

You collected 134 gold pieces.


   Skills:
 - Level 1.5 Fighting
 + Level 7.9 Ranged Weapons
 - Level 2.4 Dodging
 - Level 1.2 Stealth


You had 3 spell levels left.
You didn't know any spells.
Your spell library was empty.

Inventory:

Hand Weapons
 a - a +0 shortbow (weapon)
Armour
 c - a +0 leather armour (worn)
Jewellery
 d - a ring of poison resistance (left hand)
Wands
 b - a wand of quicksilver (7)
Scrolls
 g - 4 scrolls of teleportation
Potions
 e - a potion of lignification {unknown}
 f - a potion of mutation

Dungeon Overview and Level Annotations

Branches:
Dungeon (3/15)

Altars:


Message History

You shoot an arrow. You shoot an arrow.
A magic dart appears from out of thin air!
The magic dart hits you.
You shoot an arrow. The arrow hits the orc!
You kill the orc!
A magic dart appears from out of thin air!
The magic dart hits you.
You shoot an arrow.
You hear some strange, mumbled words.
You are confused.
1639 ||| DRINKING potion of curing.
You feel better.
1639 ||| (to cure confusion)
You shoot an arrow. The arrow hits the orc priest.
The orc priest is moderately wounded.
The orc priest misses you.
You shoot an arrow. The arrow hits the orc priest.
The orc priest is heavily wounded.
The orc priest hits you with a +0 hand axe.
You shoot an arrow. The arrow hits the orc priest.
The orc priest is almost dead.
The orc priest completely misses you.
You shoot an arrow.
The arrow closely misses the orc priest.
The orc priest hits you but does no damage.
You shoot an arrow.
The arrow completely misses the orc priest.
You hear some strange, mumbled words.
You are confused.
The orc priest hits you with a +0 hand axe.
Something hits you but does no damage.
The orc priest hits you with a +0 hand axe.
The orc priest barely misses you.
You hear some strange, mumbled words.
You are more confused.
You hear some strange, mumbled words.
You are more confused.
The orc priest mumbles some strange prayers to Beogh against you.
Beogh smites you!
You die...

#.. ... .. #.### .
.... ..# #..#
####.....###..#
...#..).o{...#
###.########{##
#.....)....@o.#
#.#.########..#
#.#.. #..# ## #.#.#
#..# ... # #.#.#
###...#
....#.#.#.#.....#.#
......#.#.#....[..#
#........# ## ##
#..##.#.###


You could see an orc priest.

Vanquished Creatures
  3 gnolls (D:2)
  2 adders (D:2)
  A dart slug (D:1)
  4 orcs
  5 bats
  5 endoplasms
  3 giant cockroaches
  3 goblins
  6 hobgoblins
  2 quokkas (D:2)
  4 ball pythons (D:1)
  3 frilled lizards
  4 kobolds
  4 rats
49 creatures vanquished.

Notes
Turn   | Place    | Note
-------+----------+-------------------------------------------
     0 | D:1      | qw the Deep Elf Hunter began the quest for the Orb.
     0 | D:1      | Reached XP level 1. HP: 12/12 MP: 3/3
     0 | D:1      | 0 ||| qw: Version: 0.3-a-160-g6735b56
     0 | D:1      | 0 ||| qw: Game counter: 5117
     0 | D:1      | 0 ||| qw: Melee chars always use a shield: true
     0 | D:1      | 0 ||| qw: God list: Okawaru
     0 | D:1      | 0 ||| qw: Allow faded altars: false
     0 | D:1      | 0 ||| qw: Do Orc after clearing Dungeon:15 true
     0 | D:1      | 0 ||| qw: Do second Lair branch before Depths: true
     0 | D:1      | 0 ||| qw: Lair rune preference: random
     0 | D:1      | 0 ||| qw: Goals: Normal
     0 | D:1      | 0 ||| PLANNING D:1-11
   204 | D:1      | Reached XP level 2. HP: 16/16 MP: 4/4
   208 | D:1      | Reached skill level 6 in Ranged Weapons
   463 | D:1      | Reached XP level 3. HP: 20/20 MP: 5/5
   729 | D:1      | 729 ||| DROPPING ring of wizardry.
   730 | D:1      | 730 ||| DROPPING ring of magical power.
   731 | D:1      | 731 ||| READING scroll labelled WIOQU AFFIH.
   767 | D:1      | 767 ||| READING 3 scrolls labelled WARUEREEXASA.
   771 | D:1      | 771 ||| DROPPING scroll of butterflies.
   966 | D:2      | Reached skill level 7 in Ranged Weapons
  1051 | D:2      | HP: 5/20 [poisoned by an adder]
  1052 | D:2      | Reached XP level 4. HP: 6/25 MP: 6/6
  1052 | D:2      | 1052 ||| FLEEEEING.
  1053 | D:2      | 1053 ||| FLEEEEING.
  1057 | D:2      | 1057 ||| FLEEEEING.
  1058 | D:2      | 1058 ||| FLEEEEING.
  1059 | D:2      | 1059 ||| FLEEEEING.
  1060 | D:2      | 1060 ||| FLEEEEING.
  1061 | D:2      | 1061 ||| FLEEEEING.
  1062 | D:2      | 1062 ||| FLEEEEING.
  1063 | D:2      | 1063 ||| FLEEEEING.
  1064 | D:2      | 1064 ||| FLEEEEING.
  1065 | D:2      | 1065 ||| FLEEEEING.
  1066 | D:2      | 1066 ||| FLEEEEING.
  1067 | D:2      | 1067 ||| FLEEEEING.
  1068 | D:2      | 1068 ||| FLEEEEING.
  1069 | D:2      | 1069 ||| FLEEEEING.
  1070 | D:2      | 1070 ||| STAIRDANCE
  1129 | D:1      | 1129 ||| DRINKING 2 murky pink potions.
  1184 | D:2      | Identified the +10 spear of Asuke {venom, rC- rN+ Str+3}
  1504 | D:2      | 1504 ||| UPGRADING to ring of poison resistance.
  1505 | D:2      | 1505 ||| READING scroll labelled UDGHUNK QOTO.
  1505 | D:2      | 1505 ||| IDENTIFYING amethyst potion
  1634 | D:3      | 1634 ||| FLEEEEING.
  1639 | D:3      | 1639 ||| DRINKING potion of curing.
  1639 | D:3      | 1639 ||| (to cure confusion)
  1645 | D:3      | HP: 6/25 [orc priest/+0 hand axe (5)]
  1647 | D:3      | Killed from afar by an orc priest

Levels and vault maps discovered:
D:1:      kennysheep_arrival_seaside, layout_basic, minmay_hexomino_p4
D:2:      layout_basic, serial_park_tiny_1, kennysheep_cross_bottleneck
D:3:      layout_basic, grunt_temple_overflow_octagram,
          ebering_ecumenical_altar_rust

Skill      XL: |  1  2  3 |
---------------+----------+-----
Ranged Weapons | 6 7 |  7.9
Fighting       | |  1.5
Dodging        | |  2.4
Stealth        | |  1.2

Action                     |  1- 3 |  4- 6 || total
---------------------------+-------+-------++-------
   Fire: Shortbow          |    93 |    53 ||   146
    Use: Scroll            |     2 |     1 ||     3
         Potion            |       |     2 ||     2
 Armour: Leather armour    |    15 |    17 ||    32
  Dodge: Dodged            |    12 |    20 ||    32

Table legend:
 A = Non-vault XP
 B = Vault XP
 C = Vault XP percentage of total XP
 D = Non-vault monster count
 E = Vault monster count
 F = Vault count percentage of total count
                 A         B        C        D         E       F
            +---------+---------+-------+---------+---------+-------
      Total |     145 |       3 |   2.0 |      47 |       2 |   4.1
            +---------+---------+-------+---------+---------+-------
        D:1 |      41 |       3 |   6.8 |      24 |       2 |   7.7
        D:2 |      93 |       0 |   0.0 |      18 |       0 |   0.0
        D:3 |      11 |       0 |   0.0 |       5 |       0 |   0.0
            +---------+---------+-------+---------+---------+-------
